 Dungeon Crawl Stone Soup version bcrawl-1.36 (webtiles) character file.

Game seed: 6198264230464109357

125577 Mrkan the Sneak (level 2, 0/23 HPs)
             Began as a Gnoll Archaeologist on Apr 17, 2022.
             Slain by a jackal (2 damage)
             ... on level 1 of the Dungeon.
             The game lasted 00:01:16 (336 turns).

Mrkan the Sneak (Gnoll Archaeologist)                Turns: 336, Time: 00:01:16

Health: 0/23       AC:  6    Str: 13    XL:     2   Next: 62%
Magic:  2/2        EV: 15    Int: 16    God:
Gold:   16         SH:  0    Dex: 13    Spells: 1/1 levels left

rFire    . . .     SeeInvis .   a - +0 whip
rCold    . . .     Gourm    .   (no shield)
rNeg     . . .     Faith    .   c - +1 robe
rPois    .         Spirit   .   d - +1 hat
rElec    .         Reflect  .   (no cloak)
rCorr    .                      (no gloves)
MR       .....                  o - +1 pair of boots
Stlth    +++.......             (no amulet)
HPRegen  0.07/turn              (no ring)
MPRegen  0.08/turn              (no ring)

@: no status effects
A: distributed training, fangs 1, strong nose
a: no special abilities


You were on level 1 of the Dungeon.
You were not hungry.

You visited 1 branch of the dungeon, and saw 1 of its levels.

You collected 16 gold pieces.

Inventory:

Hand Weapons
 a - a +0 whip (weapon)
 b - a +0 blowgun
Missiles
 f - 6 curare-tipped needles
Armour
 c - a +1 robe (worn)
 d - a +1 hat (worn)
 o - a +1 pair of boots (worn)
Scrolls
 g - a scroll of magic mapping
 i - a scroll of identify
 j - a scroll of enchant armour {unknown}
Potions
 k - 3 potions of cancellation {unknown}
 m - a potion of agility {unknown}
 n - a potion of brilliance {unknown}
Miscellaneous
 h - a dusty tome
Comestibles
 e - 2 rations {!d}


   Skills:
 + Level 2.5 Fighting
 + Level 0.4 Short Blades
 + Level 0.4 Long Blades
 + Level 0.4 Axes
 + Level 2.5 Maces & Flails
 + Level 0.4 Polearms
 + Level 0.4 Staves
 + Level 0.4 Slings
 + Level 0.4 Bows
 + Level 0.4 Crossbows
 + Level 0.4 Throwing
 + Level 0.4 Armour
 + Level 6.5 Dodging
 + Level 6.5 Stealth
 + Level 0.4 Shields
 + Level 0.4 Unarmed Combat
 + Level 0.4 Spellcasting
 + Level 0.2 Conjurations
 + Level 0.2 Hexes
 + Level 0.2 Charms
 + Level 0.2 Summonings
 + Level 0.2 Necromancy
 + Level 0.2 Translocations
 + Level 0.2 Transmutations
 + Level 0.2 Fire Magic
 + Level 0.2 Ice Magic
 + Level 0.2 Air Magic
 + Level 0.2 Earth Magic
 + Level 0.2 Poison Magic
 + Level 0.5 Invocations
 + Level 0.4 Evocations


You had one spell level left.
You didn't know any spells.
Your spell library was empty.

Dungeon Overview and Level Annotations

Branches:
Dungeon (1/12)

Altars:


Innate Abilities, Weirdness & Mutations

Your experience applies equally to all skills.
You have very sharp teeth.
Your uncanny sense of smell can sniff out nearby items.


Message History

The jackal bites you.
* * * LOW HITPOINT WARNING * * *
The jackal bites you.
* * * LOW HITPOINT WARNING * * *
The jackal bites you but does no damage.
The jackal misses you.
You hit the jackal.
You kill the jackal!
The jackal misses you.
The jackal bites you but does no damage. x3
You hit the jackal.
You kill the jackal!
The jackal closely misses you. The jackal completely misses you.
You barely miss the jackal. The jackal misses you. x2
The jackal barely misses you. The jackal closely misses you.
The jackal barely misses you. The jackal closely misses you.
You barely miss the jackal. The jackal barely misses you.
The jackal bites you but does no damage.
The jackal bites you.
You die...

.≈..........#
.≈.....≈...##
.≈≈≈≈≈≈≈...#
...........# ###
..##.......# ..#
.###.......#####.#
.# .. .. ..#h# .#
#.# #.#h# ##
#.#####.#@# #
#.##....hh# ######
#.##.##.###
.....###.#...#.#
####...........#
####..##....##
##..##[#†.##
##..#.##..#
##....##.#


You could see 4 jackals.

Vanquished Creatures
  A leopard gecko (D:1)
  A bat (D:1)
  A giant cockroach (D:1)
  3 goblins (D:1)
  A hobgoblin (D:1)
  2 jackals (D:1)
  2 kobolds (D:1)
  A frilled lizard (D:1)
  A rat (D:1)
13 creatures vanquished.

Notes
Turn   | Place    | Note
-------+----------+-------------------------------------------
     0 | D:1      | Mrkan the Gnoll Archaeologist began the quest for the Orb.
     0 | D:1      | Reached XP level 1. HP: 17/17 MP: 1/1
   147 | D:1      | Reached XP level 2. HP: 19/23 MP: 2/2
   332 | D:1      | HP: 1/23 [jackal (1)]
   336 | D:1      | Slain by a jackal

Action                   || total
-------------------------++-------
Melee: Whip              ||    72
       Bite              ||     7
 Stab: Sleeping          ||     3
Armor: Robe              ||    56
Dodge: Dodged            ||   142
